 Dungeon Crawl Stone Soup version 0.29.0-4-gdea44cf6ec (webtiles) character file.

Game seed: 9282715564948819178

583 qw the Cleaver (level 7, 0/41 HPs)
             Began as a Tengu Warper on Aug 28, 2022.
             Was an Initiate of Okawaru.
             Slain by Pikel
             ... wielding a +0 whip of freezing
              (1 damage)
             ... on level 4 of the Dungeon.
             The game lasted 00:00:28 (4717 turns).

qw the Cleaver (Tengu Warper)                       Turns: 4717, Time: 00:00:29

Health: 0/41       AC:  9    Str: 14    XL:     7   Next: 37%
Magic:  11/11      EV:  7    Int: 13    God:    Okawaru [......]
Gold:   201        SH:  0    Dex: 10    Spells: 10/10 levels left

rFire   + . .      SeeInvis .   Y - +0 war axe
rCold   + . .      Faith    .   (no shield)
rNeg    . . .      Spirit   .   i - +0 chain mail
rPois   .          Reflect  .   (helmet restricted)
rElec   .          Harm     .   g - +0 cloak
rCorr   .          Rampage  .   (no gloves)
Will    ++...                   (boots unavailable)
Stlth   ..........              (no amulet)
HPRegen 0.13/turn               a - ring of Ugistut {rF+ rC+ Will++ Dex-3}
MPRegen 0.12/turn               (no ring)

@: flying quickly and evasively, quick
A: beak, talons 3, nimble flight
a: Renounce Religion


You were on level 4 of the Dungeon.
You worshipped Okawaru.
Okawaru was noncommittal.
You visited 1 branch of the dungeon, and saw 4 of its levels.

You collected 201 gold pieces.


Innate Abilities, Weirdness & Mutations

You have a beak for a mouth.
You have claws for feet.
Your magical nature lets you fly swiftly and evasively.


   Skills:
 - Level 3.0 Fighting
 - Level 8.0 Axes
 - Level 1.0 Throwing
 + Level 2.1 Armour
 - Level 2.1 Dodging
 - Level 2.0 Spellcasting
 - Level 2.4 Translocations


You had 10 spell levels left.
You didn't know any spells.
Your spell library contained the following spells:

 Spells                   Type           Power      Damage    Failure   Level
 Blink                    Tloc           14%        N/A       98%         2
 Gell's Gravitas          Tloc           7%         N/A       100%        3
 Lesser Beckoning         Tloc           7%         N/A       100%        3
 Teleport Other           Tloc           7%         N/A       100%        3
 Manifold Assault         Tloc           7%         N/A       100%        5

Inventory:

Hand Weapons
 o - a +0 mace of protection
 Y - a +0 war axe (weapon)
Missiles
 l - a javelin (quivered)
Armour
 g - a +0 cloak (worn)
 i - a +0 chain mail (worn)
Jewellery
 a - the ring of Ugistut (left hand) {rF+ rC+ Will++ Dex-3}
   (You acquired it on level 1 of the Dungeon)

   [ring of protection from cold]

   Dex:       It affects your dexterity (-3).
   rF:        It protects you from fire.
   rC:        It protects you from cold.
   Will:      It greatly increases your willpower.
Scrolls
 c - 2 scrolls of identify
Potions
 b - a potion of might
 d - a potion of ambrosia {unknown}
 e - a potion of cancellation {unknown}
 f - a potion of heal wounds {unknown}
 h - a potion of lignification {unknown}
 j - a potion of curing
 k - a potion of attraction {unknown}
 m - a potion of brilliance {unknown}
 n - a potion of haste {unknown}

Dungeon Overview and Level Annotations

Branches:
Dungeon (4/15)             Temple (0/1) D:4

Altars:
Cheibriados
Dithmenos
Gozag
Okawaru
Trog
Vehumet
Wu Jian
Yredelemnul
The Shining One

Shops:
D:1 [

Annotations:
D:4 Pikel


Message History

The hound barely misses you. The hound bites you.
You hit Pikel. Your kick misses Pikel.
Pikel is lightly wounded.
You hit the hound. The hound bites you but does no damage.
Pikel barely misses you.
A lemure comes into view.
You miss Pikel.
The lemure shouts!
Your kick misses Pikel.
Pikel is lightly wounded.
You closely miss the hound. The hound bites you but does no damage.
Pikel hits you with a +0 whip of freezing!
Pikel freezes you. The hound bites you but does no damage.
You barely miss Pikel. You claw Pikel.
Pikel is lightly wounded.
You barely miss the hound. The hound bites you.
Pikel hits you but does no damage.
A lemure comes into view.
The hound pauses to sniff the ground.
The hound completely misses you.
The lemure shouts!
You hit Pikel. Your kick misses Pikel. Your peck misses Pikel.
Pikel is moderately wounded.
You miss the hound. Pikel hits you but does no damage.
The hound bites you but does no damage.
You closely miss Pikel.
Pikel is moderately wounded.
You hit the hound. The hound barely misses you.
Pikel hits you with a +0 whip of freezing.
The hound bites you but does no damage.
Pikel hits you with a +0 whip of freezing!
Pikel freezes you.
You barely miss Pikel. Your kick misses Pikel.
Pikel is moderately wounded.
You barely miss the hound. The hound bites you. The hound barely misses you.
Pikel hits you with a +0 whip of freezing.
You die...

##.## #..
##..# #.##.#
###.####
#.##.# #
#....# #.##.#
# ####.##
#.##.# #
#..#####.##.#
#
##..[..#.##.#
#####....#.##
###.[.@.#
#.##Kh#
#...555#
#.#..#5#
#....#(#
#....#.#
#..... ?
#..... #


You could see Pikel, 4 lemures and a hound.

Vanquished Creatures
  Pargi (D:3)
  3 scorpions
  A hound (D:4)
  Jessica (D:3)
  Natasha (thrice) (D:2)
  An orc wizard (D:4)
  2 gnolls (D:4)
  4 adders
  A worm (D:2)
  4 dart slugs
  4 orcs
  5 ball pythons
  9 endoplasms
  4 giant cockroaches
  7 goblins
  4 hobgoblins
  6 jackals (D:3)
  3 quokkas
  5 bats
  3 frilled lizards
  11 kobolds
  6 rats
88 creatures vanquished.

Vanquished Creatures (others)
  A plant (D:3)
1 creature vanquished.

Grand Total: 89 creatures vanquished

Notes
Turn   | Place    | Note
-------+----------+-------------------------------------------
     0 | D:1      | qw the Tengu Warper began the quest for the Orb.
     0 | D:1      | Reached XP level 1. HP: 12/12 MP: 4/4
     0 | D:1      | 0 ||| qw: Version: 0.1-a-89-g26bdef1
     0 | D:1      | 0 ||| qw: Game counter: 1834
     0 | D:1      | 0 ||| qw: Always use a shield: true
     0 | D:1      | 0 ||| qw: God list: Okawaru
     0 | D:1      | 0 ||| qw: Allow faded altars: false
     0 | D:1      | 0 ||| qw: Do Orc after D:15 true
     0 | D:1      | 0 ||| qw: Do second Lair branch before Depths: true
     0 | D:1      | 0 ||| qw: Lair rune preference: random
     0 | D:1      | 0 ||| qw: Plans: Normal
     0 | D:1      | 0 ||| PLANNING D:1-11
   122 | D:1      | Reached skill level 3 in Axes
   122 | D:1      | Reached XP level 2. HP: 14/17 MP: 6/6
   141 | D:1      | 141 ||| Stepping ~*~*~tactically~*~*~ (stealth).
   279 | D:1      | Found Jingewk's Armour Boutique.
   284 | D:1      | 284 ||| DROPPING +0 club.
   294 | D:1      | 294 ||| SHOPLISTING +0 pair of gloves (49 gold, have 20).
   294 | D:1      | 294 ||| SHOPLISTING +0 ring mail (44 gold, have 20).
   294 | D:1      | 294 ||| SHOPLISTING +0 scale mail (44 gold, have 20).
   294 | D:1      | 294 ||| SHOPLISTING +5 scale mail of Moral Flaws {Str+5
                  | Int-2} (465 gold, have 20).
   294 | D:1      | 294 ||| SHOPLISTING scarf of resistance (352 gold, have
                  | 20).
   569 | D:1      | 569 ||| Stepping ~*~*~tactically~*~*~ (stealth).
   572 | D:1      | 572 ||| Stepping ~*~*~tactically~*~*~ (stealth).
   584 | D:1      | 584 ||| Stepping ~*~*~tactically~*~*~ (stealth).
   951 | D:1      | Reached XP level 3. HP: 21/21 MP: 7/7
  1082 | D:1      | 1082 ||| UPGRADING to +0 cloak.
  1087 | D:1      | 1087 ||| UPGRADING to +0 chain mail.
  1097 | D:1      | 1097 ||| DROPPING +0 leather armour.
  1098 | D:1      | 1098 ||| DROPPING ring of magical power.
  1099 | D:1      | 1099 ||| READING scroll labelled ANIHAOVISOA.
  1100 | D:1      | 1100 ||| READING 2 scrolls labelled CEDAEXADDONOD.
  1101 | D:1      | 1101 ||| READING scroll labelled URYFEE BAKAHYKK.
  1102 | D:1      | 1102 ||| READING scroll labelled HEWIFR UTOKK.
  1103 | D:1      | 1103 ||| READING scroll labelled YREASUF HIPS.
  1104 | D:1      | 1104 ||| DROPPING scroll of blinking.
  1105 | D:1      | 1105 ||| DROPPING scroll of immolation.
  1158 | D:2      | 1158 ||| FLEEEEING.
  1159 | D:2      | 1159 ||| STAIRDANCE
  1457 | D:2      | Reached skill level 4 in Axes
  1458 | D:2      | 1458 ||| Stepping ~*~*~tactically~*~*~ (stealth).
  1460 | D:2      | 1460 ||| Stepping ~*~*~tactically~*~*~ (stealth).
  1544 | D:2      | 1544 ||| SWAPPING to +0 war axe.
  1545 | D:2      | 1545 ||| DROPPING +0 hand axe.
  1607 | D:2      | 1607 ||| Stepping ~*~*~tactically~*~*~ (hiding).
  1608 | D:2      | 1608 ||| Stepping ~*~*~tactically~*~*~ (hiding).
  1746 | D:2      | Noticed Natasha
  1751 | D:2      | Killed Natasha
  1752 | D:2      | Reached XP level 4. HP: 15/26 MP: 8/8
  1921 | D:2      | Reached skill level 5 in Axes
  2023 | D:2      | 2023 ||| DROPPING +0 whip.
  2066 | D:2      | Noticed Natasha
  2068 | D:2      | 2068 ||| FLEEEEING.
  2069 | D:2      | 2069 ||| FLEEEEING.
  2070 | D:2      | 2070 ||| FLEEEEING.
  2071 | D:2      | 2071 ||| FLEEEEING.
  2072 | D:2      | 2072 ||| FLEEEEING.
  2073 | D:2      | 2073 ||| FLEEEEING.
  2074 | D:2      | 2074 ||| FLEEEEING.
  2075 | D:2      | 2075 ||| FLEEEEING.
  2076 | D:2      | 2076 ||| FLEEEEING.
  2077 | D:2      | 2077 ||| FLEEEEING.
  2078 | D:2      | 2078 ||| STAIRDANCE
  2154 | D:1      | 2154 ||| READING scroll labelled ULISOU CIMMAR.
  2154 | D:1      | Identified a scroll of acquirement
  2154 | D:1      | 2154 ||| ACQUIRING ring of Ugistut {rF+ rC+ Will++ Dex-3}
  2154 | D:1      | Acquired the ring of Ugistut {rF+ rC+ Will++ Dex-3}
  2156 | D:1      | 2156 ||| UPGRADING to ring of Ugistut {rF+ rC+ Will++
                  | Dex-3}.
  2157 | D:1      | 2157 ||| READING scroll labelled ATIT ZUEGUETYN.
  2160 | D:1      | 2160 ||| READING scroll labelled JYCAPO JEMP.
  2161 | D:1      | 2161 ||| READING scroll labelled ANOMISMIE.
  2162 | D:1      | 2162 ||| DRINKING 2 bubbling emerald potions.
  2163 | D:1      | 2163 ||| DRINKING 2 pink potions.
  2188 | D:2      | 2188 ||| FLEEEEING.
  2189 | D:2      | 2189 ||| Stepping ~*~*~tactically~*~*~ (hiding).
  2193 | D:2      | Killed Natasha
  2291 | D:2      | Noticed Natasha
  2298 | D:2      | Killed Natasha
  2299 | D:2      | Gained mutation: Your magical nature lets you fly swiftly
                  | and evasively. [Tengu growth]
  2299 | D:2      | Reached XP level 5. HP: 20/30 MP: 9/9
  2473 | D:3      | 2473 ||| Stepping ~*~*~tactically~*~*~ (stealth).
  2474 | D:3      | 2474 ||| Stepping ~*~*~tactically~*~*~ (stealth).
  2502 | D:3      | Found a bloodstained altar of Trog.
  2505 | D:3      | Found an ornate altar of the Wu Jian Council.
  2519 | D:3      | Found a shadowy altar of Dithmenos.
  2523 | D:3      | Found a glowing golden altar of the Shining One.
  2536 | D:3      | Found a radiant altar of Vehumet.
  2699 | D:3      | Found a faded altar of an unknown god.
  2700 | D:3      | Noticed Pargi
  2710 | D:3      | HP: 7/30 [Pargi (1)]
  2713 | D:3      | Killed Pargi
  2714 | D:3      | Reached skill level 6 in Axes
  2714 | D:3      | Reached XP level 6. HP: 8/35 MP: 10/10
  3062 | D:3      | Found a snail-covered altar of Cheibriados.
  3097 | D:3      | Reached skill level 7 in Axes
  3183 | D:3      | Noticed Jessica
  3184 | D:3      | 3184 ||| Stepping ~*~*~tactically~*~*~ (stealth).
  3186 | D:3      | 3186 ||| Stepping ~*~*~tactically~*~*~ (hiding).
  3191 | D:3      | 3191 ||| Stepping ~*~*~tactically~*~*~ (hiding).
  3193 | D:3      | 3193 ||| Stepping ~*~*~tactically~*~*~ (hiding).
  3198 | D:3      | Killed Jessica
  3307 | D:3      | Found an opulent altar of Gozag.
  3505 | D:3      | Found a basalt altar of Yredelemnul.
  3746 | D:4      | Reached skill level 3 in Fighting
  3853 | D:4      | 3853 ||| Stepping ~*~*~tactically~*~*~ (hiding).
  3864 | D:4      | 3864 ||| FLEEEEING.
  3876 | D:4      | 3876 ||| FLEEEEING.
  3890 | D:4      | 3890 ||| FLEEEEING.
  3906 | D:4      | Reached XP level 7. HP: 27/41 MP: 11/11
  3906 | D:4      | 3906 ||| FLEEEEING.
  3907 | D:4      | 3907 ||| FLEEEEING.
  3908 | D:4      | 3908 ||| FLEEEEING.
  3909 | D:4      | 3909 ||| FLEEEEING.
  3910 | D:4      | 3910 ||| FLEEEEING.
  3916 | D:4      | 3916 ||| STAIRDANCE
  4187 | D:4      | Found an iron altar of Okawaru.
  4195 | D:4      | Became a worshipper of Warmaster Okawaru
  4249 | D:4      | Found a staircase to the Ecumenical Temple.
  4476 | D:4      | Reached skill level 8 in Axes
  4705 | D:4      | Noticed Pikel
  4716 | D:4      | HP: 4/41 [Pikel/+0 whip of freezing (7)]
  4717 | D:4      | HP: 1/41 [hound (3)]
  4717 | D:4      | Slain by Pikel

Levels and vault maps discovered:
D:1:      roderic_dead_forest, layout_rooms, serial_shops, shop,
          minmay_shallow_snake_nest
D:2:      minmay_door_path, layout_rooms, due_unseen_surprise, uniq_natasha
D:3:      layout_basic, grunt_gozag_breadcrumbs,
          minmay_overflow_temple_star_hex, marbit_many_paths, lemuel_tele_altar,
          shapermc_ecumenical_altar_mp_ritualfount, nrook_mini_vaults,
          uniq_jessica, uniq_pargi
D:4:      layout_basic, okawaru_altar_gauntlet_db, minmay_temple_entry_waves,
          uniq_pikel

Skill      XL: |  1  2  3  4  5  6  7 |
---------------+----------------------+-----
Axes           | 3 4 5 6 7 8 |  8.0
Armour         | 2 |  2.1
Fighting       | 3 |  3.0
Throwing       | |  1.0
Dodging        | |  2.1
Spellcasting   | |  2.0
Translocations | |  2.4

Action                   |  1- 3 |  4- 6 |  7- 9 || total
-------------------------+-------+-------+-------++-------
Melee: Hand axe          |    60 |       |       ||    60
       Kick              |    20 |    27 |    11 ||    58
       Peck              |     9 |    10 |     6 ||    25
       War axe           |    11 |   101 |    38 ||   150
       Punch             |       |       |     1 ||     1
Throw: Boomerang         |     7 |       |       ||     7
       Javelin           |       |    25 |     1 ||    26
  Use: Scroll            |     5 |     4 |       ||     9
       Potion            |       |     2 |       ||     2
Armor: Leather armour    |    12 |       |       ||    12
       Chain mail        |    20 |    74 |    21 ||   115
Dodge: Dodged            |    19 |    29 |    14 ||    62

Table legend:
 A = Non-vault XP
 B = Vault XP
 C = Vault XP percentage of total XP
 D = Non-vault monster count
 E = Vault monster count
 F = Vault count percentage of total count
                 A         B        C        D         E       F
            +---------+---------+-------+---------+---------+-------
      Total |     563 |     270 |  32.4 |      70 |      18 |  20.5
            +---------+---------+-------+---------+---------+-------
        D:1 |      33 |       4 |  10.8 |      19 |       3 |  13.6
        D:2 |      99 |      54 |  35.3 |      16 |       6 |  27.3
        D:3 |     160 |     175 |  52.2 |      22 |       3 |  12.0
        D:4 |     271 |      37 |  12.0 |      13 |       6 |  31.6
            +---------+---------+-------+---------+---------+-------
